 Dungeon Crawl Stone Soup version 0.29-a0-275-g389c0b56f3 (webtiles) character file.

Game seed: 6358430492434020178

154 inmateoo the Ruffian (level 5, -6/52 HPs)
             Began as a Troll Fighter on Mar 9, 2022.
             Mangled by Pikel
             ... wielding a +1 whip of flaming
              (10 damage)
             ... on level 4 of the Dungeon.
             The game lasted 00:02:00 (1975 turns).

inmateoo the Ruffian (Troll Fighter)                Turns: 1975, Time: 00:02:01

Health: -6/52      AC:  4    Str: 24    XL:     5   Next: 13%
Magic:  4/4        EV:  9    Int:  4    God:
Gold:   219        SH:  7    Dex: 11    Spells: 4/4 levels left

rFire   . . .      SeeInvis .     - Unarmed
rCold   . . .      Faith    .   b - +0 kite shield
rNeg    . . .      Spirit   .   a - +0 robe
rPois   .          Reflect  .   (helmet restricted)
rElec   .          Harm     .   (no cloak)
rCorr   .          Rampage  .   (gloves unavailable)
Will    .....                   (boots unavailable)
Stlth   +.........              (no amulet)
HPRegen 0.97/turn               (no ring)
MPRegen 0.09/turn               (no ring)

@: no status effects
A: large, unfitting armour, claws 3, regeneration 1, shaggy fur 1, tough skin 1
a: no special abilities


You were on level 4 of the Dungeon.
You visited 1 branch of the dungeon, and saw 4 of its levels.

You collected 219 gold pieces.

Inventory:

Armour
 a - a +0 robe (worn)
 b - a +0 kite shield (worn)
Wands
 q - a wand of flame (10)
Scrolls
 d - a scroll of teleportation {unknown}
 h - 3 scrolls of identify {unknown}
 i - 3 scrolls of enchant weapon {unknown}
 l - 2 scrolls of fear {unknown}
 m - a scroll of magic mapping {unknown}
 n - a scroll of vulnerability {unknown}
 o - a scroll of immolation {unknown}
 p - a scroll of amnesia {unknown}
 r - a scroll of fog {unknown}
Potions
 c - 4 potions of might
 e - 4 potions of brilliance {unknown}
 f - a potion of ambrosia {unknown}
 g - a potion of degeneration {unknown}
 j - a potion of haste {unknown}
 k - a potion of lignification {unknown}
 s - a potion of heal wounds {unknown}


   Skills:
 + Level 2.9 Fighting
 + Level 1.2 Armour
 + Level 2.9 Dodging
 + Level 3.0 Shields
 * Level 3.5 Unarmed Combat


You had 4 spell levels left.
You didn't know any spells.
Your spell library contained the following spells:

 Spells                   Type           Power      Damage    Failure   Level
 Confusing Touch          Hex            0%         N/A       99%         3
 Freezing Cloud           Conj/Ice/Air   0%         6-21      100%        5
 Yara's Violent Unravell  Hex/Tmut       0%         3d3       100%        5
 Simulacrum               Ice/Necr       0%         N/A       100%        6
 Enfeeble                 Hex            0%         N/A       100%        7
 Polar Vortex             Ice            0%         N/A       100%        9


Dungeon Overview and Level Annotations

Branches:
Dungeon (4/15)
 Temple: D:4-7

Altars:

Shops:
D:2 :

Annotations:
D:3 1 runed translucent door, robertstho's ghost, amateur DjIE
D:4 Pikel


Innate Abilities, Weirdness & Mutations

You are too large for most types of armour.
You have claws for hands.
Your natural rate of healing is unusually fast.
You are covered in fur. (AC +1)
You have tough skin. (AC +1)


Message History

Pikel hits you with a +1 whip of flaming.
Pikel burns you.
You closely miss Pikel.
Pikel is moderately wounded.
You block Pikel's attack.
You barely miss Pikel.
Pikel is moderately wounded.
Pikel hits you with a +1 whip of flaming.
Pikel burns you.
You scratch Pikel but do no damage.
Pikel is moderately wounded.
You block Pikel's attack.
Press: ? - help, v - describe, . - travel, g - get item
Here: Pikel, wielding a +1 whip of flaming and wearing a +0 robe (moderately wounded) Item here: a +0 mace.
The floor, spattered with blood.
Unknown command.
Pikel attacks as you move away!
Pikel hits you with a +1 whip of flaming.
Pikel burns you.
Pikel says, "You'll freeze in Cocytus!"
Pikel says, "You'll make a fine lemure."
Pikel attacks as you move away!
Pikel hits you with a +1 whip of flaming!
* * * LOW HITPOINT WARNING * * *
Pikel burns you.
* * * LOW HITPOINT WARNING * * *
Pikel attacks as you move away!
Pikel hits you with a +1 whip of flaming.
* * * LOW HITPOINT WARNING * * *
Pikel burns you.
* * * LOW HITPOINT WARNING * * *
Pikel says, "You'll make a fine lemure."
Pikel hits you with a +1 whip of flaming.
* * * LOW HITPOINT WARNING * * *
Pikel burns you.
* * * LOW HITPOINT WARNING * * *
Pikel attacks as you move away!
Pikel hits you with a +1 whip of flaming!
You die...

###################
...).o5...5o.{5...#
#################{#
#.# #5# ######K#
#....@.# #.######
#.# #.# #.# #.# #.#
#.# #.#


You could see Pikel and a lemure.

Vanquished Creatures
  A lemure (D:4)
  2 iguanas (D:3)
  2 adders
  5 dart slugs
  12 orcs
  3 bats
  6 endoplasms
  2 giant cockroaches
  3 goblins (D:3)
  3 hobgoblins
  2 jackals (D:1)
  3 quokkas (D:1)
  2 ball pythons (D:2)
  2 frilled lizards
  4 kobolds
  9 rats
61 creatures vanquished.

Vanquished Creatures (others)
  A plant (D:1)
1 creature vanquished.

Grand Total: 62 creatures vanquished

Notes
Turn   | Place    | Note
-------+----------+-------------------------------------------
     0 | D:1      | inmateoo the Troll Fighter began the quest for the Orb.
     0 | D:1      | Reached XP level 1. HP: 22/22 MP: 0/0
     4 | D:1      | You fall into a shaft and drop 1 floor!
   162 | D:1      | Reached XP level 2. HP: 29/29 MP: 1/1
   594 | D:2      | Found Qabatax's Book Emporium.
   677 | D:2      | Reached XP level 3. HP: 36/36 MP: 2/2
  1047 | D:2      | Identified the +6 dagger "Yhegeski" {vorpal, Will+}
  1251 | D:2      | Found a faded altar of an unknown god.
  1408 | D:3      | Reached XP level 4. HP: 44/44 MP: 3/3
  1427 | D:3      | Reached skill level 1 in Armour
  1456 | D:3      | Found a runed translucent door.
  1459 | D:3      | Noticed robertstho's ghost (amateur DjIE)
  1590 | D:3      | Reached XP level 5. HP: 43/52 MP: 4/4
  1926 | D:4      | Noticed a lemure
  1926 | D:4      | Noticed Pikel
  1927 | D:4      | Noticed a lemure
  1927 | D:4      | Noticed a lemure
  1933 | D:4      | Noticed a lemure
  1957 | D:4      | Killed a lemure
  1975 | D:4      | Mangled by Pikel

Illustrated notes

Levels and vault maps discovered:
D:1:      tarquinn_simple_flora_water_e, layout_basic, chequers_hall_statues_y
D:2:      layout_basic, serial_shops, shop, basic_ecumenical_altar
D:3:      layout_rooms, serial_aquarium, aquarium_bridge_straight
          [aquarium_subvault_bridge, aquarium_subvault_balcony,
          aquarium_subvault_bridge, aquarium_subvault_window],
          aquarium_bridge_straight [aquarium_subvault_bridge,
          aquarium_subvault_wall, aquarium_subvault_bridge,
          aquarium_subvault_wall], aquarium_window_1, aquarium_window_fake,
          aquarium_window_1, aquarium_view_2e, ebering_ghost_sewer_d
D:4:      layout_basic, uniq_eustachio, uniq_pikel

Skill      XL: |  1  2  3  4  5 |
---------------+----------------+-----
Armour         | 1 |  1.2
Unarmed Combat | 3 |  3.5
Shields        | 3 |  3.0
Fighting       | |  2.9
Dodging        | |  2.9

Action                   |  1- 3 |  4- 6 || total
-------------------------+-------+-------++-------
Melee: Unarmed           |   114 |    69 ||   183
Armor: Robe              |    36 |     8 ||    44
Dodge: Dodged            |    36 |    10 ||    46
Block: Kite shield       |    36 |    24 ||    60

Table legend: (Time is in decaauts)
 A = Elapsed time spent in this place.
 B = Non-inter-level travel time spent in this place.
 C = Inter-level travel time spent in this place.
 D = Time resting spent in this place.
 E = Time spent auto-exploring this place.
 F = Levels seen in this place.
 G = Mean time per level.
                   A        B        C        D        E       F      G
               +--------+--------+--------+--------+--------+-----+--------+
         Total |   1989 |   1905 |     84 |     19 |   1453 |   4 |  497.2 |
       Dungeon |   1989 |   1905 |     84 |     19 |   1453 |   4 |  497.2 |
               +--------+--------+--------+--------+--------+-----+--------+

Top non-repeatable levels by time:
     D:2: 876 daAuts
     D:3: 514 daAuts
     D:1: 465 daAuts
     D:4: 132 daAuts
